 Dungeon Crawl Stone Soup version 0.21-a0-529-g8c7b3f5 (webtiles) character file.

3059 stupendous the Carver (level 10, -3/71 HPs)
             Began as a Formicid Fighter on Dec 10, 2017.
             Was an Initiate of Okawaru.
             Slain by a hornet (14 damage)
             ... on level 7 of the Dungeon.
             The game lasted 00:18:03 (8371 turns).

stupendous the Carver (Formicid Fighter)            Turns: 8371, Time: 00:18:03

Health: -3/71      AC:  7    Str: 20    XL:     10   Next: 12%
Magic:  10/10      EV:  8    Int:  9    God:    Okawaru [......]
Gold:   372        SH: 10    Dex: 13    Spells: 9/9 levels left

rFire    . . .     SeeInvis +   a - +1 long sword
rCold    . . .     Gourm    .   c - +0 shield
rNeg     + . .     Faith    .   b - +0 scale mail
rPois    .         Spirit   .   (helmet unavailable)
rElec    .         Reflect  .   (no cloak)
rCorr    .         Harm     .   (no gloves)
MR       +....                  (no boots)
Stlth    ..........             (no amulet)
HPRegen  0.21/turn              y - ring of positive energy
MPRegen  0.12/turn              (no ring)

@: lethally poisoned (-3 -> -7)
A: permanent stasis, dig shafts and tunnels, four strong arms, antennae 3
a: Dig, Shaft Self, Renounce Religion


You were on level 7 of the Dungeon.
You worshipped Okawaru.
Okawaru was noncommittal.
You were not hungry.

You visited 2 branches of the dungeon, and saw 8 of its levels.

You collected 372 gold pieces.

Inventory:

Hand Weapons
 a - a +1 long sword (weapon)
 u - a +1 dagger of electrocution
Armour
 b - a +0 scale mail (worn)
 c - a +0 shield (worn)
Jewellery
 y - a ring of positive energy (left hand)
Wands
 t - a wand of random effects (37)
 v - a wand of clouds (2)
 A - a wand of iceblast (18)
Scrolls
 e - 3 scrolls of identify
 h - a scroll of amnesia
 i - 2 scrolls of fog
 j - a scroll of immolation
 l - a scroll of enchant weapon
 o - 3 scrolls of remove curse
 w - a scroll of magic mapping
 z - a scroll of fear
Potions
 d - a potion of might
 k - 3 potions of flight
 p - a potion of agility
 r - a potion of ambrosia {unknown}
 s - 4 potions of magic
 x - a potion of cancellation {unknown}
Comestibles
 f - 5 bread rations
 g - a meat ration
 n - 6 fruits
 q - 3 royal jellies
 B - 4 chunks of flesh


   Skills:
 - Level 4.0 Fighting
 + Level 11.5 Long Blades
 - Level 6.4 Armour
 - Level 6.2 Shields


You had 9 spell levels left.
You didn't know any spells.

Dungeon Overview and Level Annotations

Branches:
Dungeon (7/15)             Temple (1/1) D:6

Altars:
Ashenzari
Cheibriados
Dithmenos
Elyvilon
Fedhas
Gozag
Hepliaklqana
Kikubaaqudgha
Makhleb
Nemelex Xobeh
Okawaru
Qazlal
Sif Muna
Trog
Uskayaw
Wu Jian
Xom
Yredelemnul
Zin


Innate Abilities, Weirdness & Mutations

You cannot be hasted, slowed, berserked, paralysed or teleported.
You can dig through walls and to a lower floor.
Your four strong arms can wield two-handed weapons with a shield.
You have a pair of large antennae on your head. (SInv)


Message History

The hornet is severely wounded.
You feel sick. The hornet stings you.
* * * LOW HITPOINT WARNING * * *
Your stasis prevents you from being slowed.
You barely miss the hornet.
The hornet is severely wounded.
You feel sick. The hornet barely misses you.
You closely miss the hornet.
The hornet is severely wounded.
The hornet stings you but does no damage.
The hornet stings you.
* * * LOW HITPOINT WARNING * * *
Your stasis prevents you from being slowed.
You hit the hornet.
The hornet is almost dead.
You feel sick. You block the hornet's attack.
You miss the hornet.
The hornet is almost dead.
The hornet stings you!
You die...

#.###.....#..#
.....
#..#..###.#...
#....)# #.#
... #...#.# ..
... #...#...
#...#####
#...######.#
#.......>...
#.#@######.# #
#.#y######?...
#.#..?........
#.#####.###...
#. .# .# .# .#
.#


You could see a hornet.

Vanquished Creatures
  Pikel (D:3)
  Edmund (D:3)
  A water moccasin (D:6)
  2 ice beasts
  The ghost of SFR the Shooter, an amateur DgWn (D:4)
  2 ogres
  3 centaurs
  2 bullfrogs
  2 scorpions
  A howler monkey (D:5)
  A bullfrog zombie (D:5)
  A crimson imp (D:5)
  7 hounds
  2 bullfrog skeletons
  5 orc priests
  10 orc wizards
  2 centaur skeletons
  An iguana (D:6)
  Natasha (thrice) (D:2)
  10 worker ants
  A hound skeleton (D:4)
  Robin (D:2)
  A gnoll (D:4)
  10 adders
  2 oozes
  4 adder skeletons (D:4)
  6 worms
  2 dart slugs (D:1)
  4 leopard geckos
  32 orcs
  A ball python (D:5)
  A bat zombie (D:5)
  2 giant cockroaches
  17 goblins
  6 hobgoblins
  9 jackals
  3 quokkas
  5 bats
  4 frilled lizards
  A giant cockroach zombie (D:5)
  11 kobolds
  A quokka skeleton (D:6)
  17 rats
199 creatures vanquished.

Vanquished Creatures (others)
  Blork the orc (D:4)
1 creature vanquished.

Grand Total: 200 creatures vanquished

Notes
Turn   | Place    | Note
-------+----------+-------------------------------------------
     0 | D:1      | stupendous the Formicid Fighter began the quest for the Orb.
     0 | D:1      | Reached XP level 1. HP: 18/18 MP: 1/1
    35 | D:1      | Reached XP level 2. HP: 12/24 MP: 2/2
   267 | D:1      | Reached XP level 3. HP: 27/29 MP: 3/3
   803 | D:2      | Noticed Natasha
   814 | D:2      | Killed Natasha
   814 | D:2      | Reached XP level 4. HP: 37/37 MP: 4/4
   913 | D:2      | Noticed Natasha
   937 | D:2      | Killed Natasha
   937 | D:2      | Reached XP level 5. HP: 37/42 MP: 5/5
   982 | D:2      | Reached skill level 3 in Long Blades
  1089 | D:2      | Noticed Natasha
  1102 | D:2      | Killed Natasha
  1146 | D:2      | Noticed Robin
  1169 | D:2      | Killed Robin
  1757 | D:3      | Reached skill level 5 in Shields
  1757 | D:3      | Reached XP level 6. HP: 44/48 MP: 6/6
  2277 | D:3      | Reached skill level 4 in Long Blades
  2277 | D:3      | Reached skill level 5 in Armour
  2964 | D:4      | Found a shattered altar of Ashenzari.
  2979 | D:3      | Reached XP level 7. HP: 51/54 MP: 7/7
  2996 | D:4      | Noticed Edmund
  3114 | D:4      | Noticed Pikel
  3143 | D:3      | HP: 2/54 [Edmund/flail of protection (4)]
  3172 | D:3      | Killed Edmund
  3483 | D:3      | Killed Pikel
  3483 | D:3      | Reached skill level 7 in Long Blades
  3483 | D:3      | Reached XP level 8. HP: 22/60 MP: 8/8
  3759 | D:4      | Killed Blork the orc
  3930 | D:4      | Reached skill level 8 in Long Blades
  4077 | D:4      | You fall through a shaft for 3 floors!
  4077 | D:7      | Noticed a hippogriff
  4092 | D:6      | Reached XP level 9. HP: 58/65 MP: 9/9
  4304 | D:5      | Entered Level 5 of the Dungeon
  4306 | D:5      | Found an opulent altar of Gozag.
  4389 | D:5      | Reached skill level 9 in Long Blades
  5056 | D:4      | Noticed SFR's ghost (amateur DgWn)
  5062 | D:4      | Killed SFR's ghost
  6123 | D:5      | Reached skill level 10 in Long Blades
  6407 | D:5      | Found a snail-covered altar of Cheibriados.
  6442 | D:5      | Found an ornate altar of the Wu Jian Council.
  6443 | D:5      | Found a deep blue altar of Sif Muna.
  6515 | D:5      | Found an ancient bone altar of Kikubaaqudgha.
  7118 | D:6      | Found a staircase to the Ecumenical Temple.
  7129 | Temple   | Entered the Ecumenical Temple
  7221 | Temple   | Became a worshipper of Warmaster Okawaru
  7453 | D:6      | Reached skill level 11 in Long Blades
  7553 | D:6      | Reached XP level 10. HP: 55/71 MP: 10/10
  7654 | D:6      | Noticed a two-headed ogre
  7899 | D:6      | Found a blossoming altar of Fedhas.
  8371 | D:7      | Slain by a hornet

Vault maps used:
D:1:      erik_arrival_orb_chamber
D:2:      uniq_robin, uniq_natasha
D:3:      wad_river_or_something, first_bread
D:4:      cheibrodos_barr_body, overflow_temple_1_default,
          roderic_serpentine_path, uniq_edmund, uniq_blork_the_orc, uniq_pikel
D:5:      lemuel_zombie_altar_kikubaaqudgha, gammafunk_temple_overflow_statue,
          basic_altar, minmay_misc_feat_rows, nicolae_gozag_seed_capital
D:6:      minmay_temple_entry_large_hall, basic_altar
D:7:      basic_altar
Temple:   minmay_temple_curvy_branch

Skill      XL: |  1  2  3  4  5  6  7  8  9 |
---------------+----------------------------+-----
Shields        | 4 5 6 |  6.2
Fighting       | 4 |  4.0
Armour         | 4 5 6 |  6.4
Long Blades    | 3 4 7 8 11 | 11.5

Action                   |  1- 3 |  4- 6 |  7- 9 | 10-12 || total
-------------------------+-------+-------+-------+-------++-------
Melee: Long sword        |    88 |   240 |   562 |    95 ||   985
 Abil: Dig               |     1 |     3 |     9 |     1 ||    14
  Use: Scroll            |       |       |    14 |       ||    14
       Potion            |       |       |       |     3 ||     3
  Eat: Chunk             |       |     8 |    16 |     3 ||    27
Armor: Scale mail        |    53 |    85 |   142 |    17 ||   297
Dodge: Dodged            |    32 |    76 |   115 |    23 ||   246
Block: Shield            |    44 |   106 |   233 |    56 ||   439
       Rpst.: Long sword |    13 |    23 |    36 |     4 ||    76

Table legend:
 A = Spawn XP
 B = Non-spawn XP
 C = Spawn XP percentage of total XP
 D = Spawn monster count
 E = Non-spawn monster count
 F = Spawn count percentage of total count
 G = Total turns spent on level
                    A         B        C        D         E        F      G
               +---------+---------+-------+---------+---------+-------+---------
         Total |       0 |    4371 |   0.0 |       0 |     199 |   0.0 |  8371
               +---------+---------+-------+---------+---------+-------+---------
           D:1 |       0 |      42 |   0.0 |       0 |      28 |   0.0 |   616
           D:2 |       0 |     185 |   0.0 |       0 |      32 |   0.0 |  1073
           D:3 |       0 |    1277 |   0.0 |       0 |      37 |   0.0 |  1855
           D:4 |       0 |     807 |   0.0 |       0 |      28 |   0.0 |  1858
           D:5 |       0 |     838 |   0.0 |       0 |      30 |   0.0 |  1030
           D:6 |       0 |     874 |   0.0 |       0 |      36 |   0.0 |  1421
           D:7 |       0 |     348 |   0.0 |       0 |       8 |   0.0 |   276
               +---------+---------+-------+---------+---------+-------+---------
